 Dungeon Crawl Stone Soup version 0.14-a0-1403-g5d3c58f (webtiles) character file.

209 PolkaDot the Cutter (level 4, 0/35 HPs)
             Began as a Vampire Death Knight on Dec 10, 2013.
             Was a Believer of Yredelemnul.
             Succumbed to poison (a potion of poison)
             ... on Level 2 of the Dungeon.
             The game lasted 00:08:23 (2391 turns).

PolkaDot the Cutter (Vampire Death Knight)          Turns: 2391, Time: 00:08:23

HP   0/35        AC  3     Str  8      XL: 4   Next: 89%
MP   5/5         EV 16     Int 13      God: Yredelemnul [**....]
Gold 79          SH  0     Dex 19      Spells:  0 memorised,  3 levels left

rFire  . . .     SeeInvis +     a - +1 short sword (curse)
rCold  . . .     Clarity  .     b - +0 leather armour
rNeg   + . .     Conserve .     (no shield)
rPois  .         rCorr    .     d - +0 wizard hat
rElec  .         rRot     .     (no cloak)
SustAb . .       Spirit   .     (no gloves)
rMut   .         Warding  .     (no boots)
Saprov . . .     Stasis   .     (no amulet)
                                (no ring)
                                m - cursed -4 ring of strength

@: agile, flying, mildly poisoned, slightly resistant to hostile enchantments,
stealthy
A: fangs 3, see invisible, unbreathing
a: Bat Form, Animate Remains, Recall Undead Slaves, Injury Mirror, Renounce
Religion


You were on level 2 of the Dungeon.
You worshipped Yredelemnul.
Yredelemnul was pleased with you.
You were not thirsty.

You visited 1 branch of the dungeon, and saw 3 of its levels.

You collected 79 gold pieces.

Inventory:

Hand weapons
 a - a cursed +1,+1 short sword (weapon)
Armour
 b - a +0 leather armour (worn)
 d - a +0 wizard hat (worn)
Magical devices
 l - a wand of flame (17)
Scrolls
 c - a scroll of recharging {unknown}
 f - a scroll of amnesia {unknown}
 g - a scroll of curse jewellery {unknown}
 h - a scroll of identify {unknown}
 j - 4 scrolls of blinking
Jewellery
 m - a cursed -4 ring of strength (left hand)
Potions
 k - a potion of agility


   Skills:
 + Level 3.1 Fighting
 + Level 4.2 Short Blades
 - Level 0.7 Armour
 * Level 2.0 Dodging
 - Level 2.4 Invocations


You had 3 spell levels left.
You didn't know any spells.

Dungeon Overview and Level Annotations

Branches:
Dungeon (3/16)

Altars:
Cheibriados
Fedhas
Vehumet


Innate Abilities, Weirdness & Mutations

You have razor-sharp teeth.*
You have supernaturally acute eyesight.
You can survive without breathing.*


Message History

Your goblin zombie hits the goliath beetle but does no damage.
The goliath beetle bites your goblin zombie.
Your goblin zombie completely misses the goliath beetle.
The goliath beetle bites your goblin zombie!
Your goblin zombie is destroyed!
* * * LOW HITPOINT WARNING * * *
You feel sick.
You swap places.
* * * LOW HITPOINT WARNING * * *
You feel sick.
The goliath beetle bites your worm zombie!
Your worm zombie is destroyed!
* * * LOW HITPOINT WARNING * * *
You feel sick.
* * * LOW HITPOINT WARNING * * *
You feel sick.
* * * LOW HITPOINT WARNING * * *
You feel sick.
You die...
Yredelemnul claims you as an undead slave.

# ##'## #.......# #..## # #.#
#.....#.# #.... # #.# #.....#.#
##.## # ##.## ##......# #.# #
##...## ##.##### #.# #.....# #.#
#z# ####)..###### #.# #.#
#####...#<###...###.# #z##
.....z#>(B......@...# #zz.
#####..)#.###...##### ####
#####.# ##### #.# ###### #.#
#.zz.. ####.# #.#### ### ##.##.#
#######.#
..###.#.#.############.....#.####
#...................##.###.#.##..


You could see a goliath beetle.

Vanquished Creatures
  5 adders
  2 gnolls (D:2)
  A giant gecko (D:2)
  2 oozes (D:1)
  A ball python (D:1)
  8 bats
  A giant cockroach (D:2)
  7 goblins
  4 hobgoblins
  4 jackals (D:1)
  4 kobolds
  2 giant newts
  6 rats
47 creatures vanquished.

Vanquished Creatures (collateral kills)
  A gnoll (D:2)
  A worm (D:2)
  A ball python (D:1)
  A hobgoblin (D:1)
  2 kobolds
6 creatures vanquished.

Vanquished Creatures (others)
  A worm zombie (D:2)
  3 adder zombies (D:2)
  A bat zombie (D:1)
  A gnoll zombie (D:2)
  2 goblin zombies (D:2)
  A kobold zombie (D:2)
  A rat skeleton (D:2)
  A rat zombie (D:2)
11 creatures vanquished.

Grand Total: 64 creatures vanquished

Notes
Turn   | Place    | Note
--------------------------------------------------------------
     0 | D:1      | PolkaDot, the Vampire Death Knight, began the quest for the Orb.
     0 | D:1      | Reached XP level 1. HP: 16/16 MP: 1/1
   107 | D:1      | Reached XP level 2. HP: 4/22 MP: 2/2
   149 | D:1      | Reached skill level 3 in Short Blades
   363 | D:1      | Reached XP level 3. HP: 21/28 MP: 2/4
   692 | D:1      | Acquired Yredelemnul's second power
   866 | D:2      | Found a radiant altar of Vehumet.
   959 | D:2      | Reached XP level 4. HP: 34/34 MP: 5/5
  1650 | D:2      | Reached skill level 4 in Short Blades
  1978 | D:2      | Found a snail-covered altar of Cheibriados.
  1978 | D:2      | Found a blossoming altar of Fedhas.
  2389 | D:2      | HP: 1/35 [poison (a potion of poison)]
  2391 | D:2      | Succumbed to poison (a potion of poison)

Action                   |  1- 3 |  4- 6 || total
-------------------------+-------+-------++-------
Melee: Short sword       |   103 |    78 ||   181
Invok: Animate Remains   |    13 |     8 ||    21
       Recall Undead Sla |       |     1 ||     1
Evoke: Wand              |     1 |       ||     1
  Use: Potion            |     2 |     8 ||    10
       Scroll            |     5 |     1 ||     6
 Stab: Distracted        |     2 |       ||     2
       Sleeping          |     1 |       ||     1
